 Dungeon Crawl Stone Soup version 0.29-a0-322-g68df515428 (webtiles) character file.

Game seed: 9562766250715135860

744 spaghetti the Slasher (level 7, 0/62 HPs)
             Began as a Naga Berserker on Apr 9, 2022.
             Was a Believer of Trog.
             Slain by a gnoll shaman
             ... wielding a +0 whip
              (8 damage)
             ... on level 5 of the Dungeon.
             The game lasted 00:06:58 (5937 turns).

spaghetti the Slasher (Naga Berserker)              Turns: 5937, Time: 00:06:58

Health: 0/62       AC:  8    Str: 20    XL:     7   Next: 76%
Magic:  7/7        EV: 10    Int:  7    God:    Trog [**....]
Gold:   126        SH:  8    Dex: 18    Spells: 6/6 levels left

rFire   . . .      SeeInvis +   r - +3 dagger {short}
rCold   . . .      Faith    +   p - +0 kite shield
rNeg    + . .      Spirit   .   s - +2 robe {rN+}
rPois   +          Reflect  .   e - +0 helmet
rElec   .          Harm     .   D - +1 cloak {Will+}
rCorr   .          Rampage  .   (no gloves)
Will    ++...                   (no barding)
Stlth   ++........              d - amulet of faith {!P}
HPRegen 0.20/turn               h - ring of willpower
MPRegen 0.10/turn               x - +6 ring of dexterity

@: on berserk cooldown, slowed, very slow
A: AC +2, large, see invisible, deformed body, poison resistance, slowness 2,
spit poison 1, naga tail 1
a: Spit Poison, Renounce Religion, Berserk, Trog's Hand


You were on level 5 of the Dungeon.
You worshipped Trog.
Trog was pleased with you.
You visited 1 branch of the dungeon, and saw 5 of its levels.

You collected 222 gold pieces.
You spent 96 gold pieces at shops.


Innate Abilities, Weirdness & Mutations

Your serpentine skin is tough. (AC +2)
You have supernaturally acute eyesight. (SInv)
Armour fits poorly on your strangely shaped body.
Your system is resistant to poisons. (rPois)
You cover ground very slowly.
You can spit poison.
You have a snake-like lower body.


   Skills:
 - Level 3.0 Fighting
 + Level 5.9 Long Blades
 + Level 3.6 Throwing
 - Level 1.5 Armour
 + Level 4.4 Dodging


You had 6 spell levels left.
You didn't know any spells.
Your spell library contained the following spells:

 Spells                   Type           Power      Damage    Failure   Level
 Dazzling Flash           Conj/Hex       0%         N/A       98%         3
 Gell's Gravitas          Tloc           0%         N/A       98%         3
 Teleport Other           Tloc           0%         N/A       98%         3
 Iskenderun's Mystic Bla  Conj/Tloc      0%         2d3       100%        4
 Dispersal                Tloc           0%         N/A       100%        6
 Starburst                Conj/Fire      0%         6d3       100%        6
 Malign Gateway           Summ/Tloc      0%         N/A       100%        7
 Summon Horrible Things   Summ           0%         N/A       100%        8

Inventory:

Hand Weapons
 a - a +0 falchion {long}
 r - a +3 dagger (weapon) {short}
   (You took it off a kobold on level 3 of the Dungeon)
 y - a +2 scythe of freezing {polearm}
   (You took it off Sigmund on level 4 of the Dungeon)
 C - a +2 quarterstaff of chaos {staff}
   (You took it off Crazy Yiuf on level 4 of the Dungeon)
 F - a +2 hand axe of draining {axe}
   (You found it on level 5 of the Dungeon)
Missiles
 c - 76 stones (quivered) {throwing}
 q - 4 poisoned darts {throwing}
Armour
 b - a +0 animal skin
 e - a +0 helmet (worn)
   (You found it on level 1 of the Dungeon)
 p - a +0 kite shield (worn)
   (You found it on level 3 of the Dungeon)
 s - a +2 robe of positive energy (worn)
   (You bought it in a shop on level 3 of the Dungeon)
 D - a +1 cloak of willpower (worn)
   (You took it off Crazy Yiuf on level 4 of the Dungeon)
Magical Staves
 E - a staff of cold {forbidden!astaff}
   (You found it on level 5 of the Dungeon)
Jewellery
 d - an amulet of faith (around neck) {!P}
   (You found it on level 1 of the Dungeon)
 f - a ring of protection from fire
   (You found it on level 1 of the Dungeon)
 h - a ring of willpower (left hand)
   (You found it on level 1 of the Dungeon)
 i - an amulet of guardian spirit
   (You found it on level 1 of the Dungeon)
 w - an amulet of reflection
   (You found it on level 4 of the Dungeon)
 x - a +6 ring of dexterity (right hand)
   (You found it on level 4 of the Dungeon)
 A - a ring of protection from fire
   (You found it on level 4 of the Dungeon)
Wands
 l - a wand of flame (15)
   (You took it off a hobgoblin on level 2 of the Dungeon)
 u - a wand of digging (4)
   (You took it off Ijyb on level 3 of the Dungeon)
 v - a wand of paralysis (10)
   (You found it on level 3 of the Dungeon)
Scrolls
 m - 2 scrolls of identify {@r1}
 B - a scroll of noise {!r}
Potions
 g - a potion of resistance {unknown}
 j - a potion of berserk rage {unknown}
 n - a potion of attraction {unknown}
 o - a potion of haste {unknown}
 z - a potion of mutation {unknown}

Dungeon Overview and Level Annotations

Branches:
Dungeon (5/15)             Temple (0/1) D:4

Altars:

Shops:
D:3

[
..##.......)............
........................
.....###.........#......
...## #.........<#......
.. ..#................
...##....(..........
...##...)§§§........
......§h§h..h.<...
..#.##h@g§........
(....5#r§§..<##...
....(.#g§§g..# ...
#.......§§#....
+.........##....
+........## .... +
.....# ... ......


You could see a gnoll shaman, a howler monkey, 2 hounds, a gnoll, an ufetubus
and a quokka.


Message History

The gnoll hits you with a +2 spear of freezing.
* * * LOW HITPOINT WARNING * * *
The gnoll freezes you.
* * * LOW HITPOINT WARNING * * *
You block the gnoll's attack. 😱 HP[-4]
You take 4 damage, and now have 23/93 hp.
You puncture the gnoll!
The howler monkey hits you but does no damage.
You block the gnoll's attack.
The gnoll hits you from afar with a +0 spear.
* * * LOW HITPOINT WARNING * * *
A gnoll shaman comes into view. It is wielding a +0 whip.
A gnoll comes into view. It is wielding a +0 spear.
A hound comes into view. 😱 HP[-1]
You take 1 damage, and now have 22/93 hp.
The hound barks!
You puncture the gnoll!
You kill the gnoll!
Trog accepts your kill.
The howler monkey hoots and howls with incredible vigour!
The gnoll barely misses you.
You hear a shout!
You hear a bark! x2; You hear a shout! x2; You hear a bark!
You hear a shout!
You hear a bark!
The howler monkey attacks as you move away!
The howler monkey hits you but does no damage.
A quokka comes into view.
The gnoll hits you with a +0 spear.
* * * LOW HITPOINT WARNING * * *
The quokka moves out of view. 😱 HP[-1]
You take 1 damage, and now have 21/93 hp.
You closely miss the gnoll. The howler monkey barely misses you.
You hit the gnoll. You block the gnoll's attack.
You hit the gnoll.
The howler monkey barely misses you. 😱 HP[+1]
You barely miss the gnoll. The hound bites you but does no damage.
The howler monkey hoots and howls with incredible vigour!
You hear a shout! x2; You hear a bark!
You hear a shout! x5; You hear a bark!
You hit the gnoll. You block the hound's attack. You block the gnoll's attack.
The gnoll closely misses you.
The gnoll shaman calls upon its god to speed up the gnoll.
The gnoll seems to speed up.
The howler monkey hits you.
* * * LOW HITPOINT WARNING * * *
😱 HP[-1]
You take 1 damage, and now have 21/93 hp.
Unknown command.
You puncture the gnoll!
You kill the gnoll!
Trog accepts your kill. You block the hound's attack.
The gnoll hits you from afar with a +0 spear.
* * * LOW HITPOINT WARNING * * *
A gnoll comes into view. It is wielding a +0 spear. 😱 HP[-6]
You take 6 damage, and now have 15/93 hp.
You puncture the gnoll shaman!
You are no longer berserk.
You are exhausted.
You feel yourself slow down. The hound bites you.
* * * LOW HITPOINT WARNING * * *
You block the howler monkey's attack.
A hound comes into view. 😱 HP[-7]
You now have 62 max hp (-31).
As you read the scroll labelled ETEZAL HOHA, it crumbles to dust.
The scroll dissolves into smoke.
It was a scroll of fog.
The hound bites you.
* * * LOW HITPOINT WARNING * * *
The howler monkey hits you but does no damage.
The gnoll closely misses you. You block the gnoll shaman's attack.
You block the quokka's attack. The hound bites you but does no damage.
The howler monkey hoots and howls with incredible vigour!
The gnoll barely misses you.
The gnoll shaman calls upon its god to speed up the gnoll.
The gnoll seems to speed up.
The hound barks!
You hear a shout! x3 😱 HP[-2]
You take 2 damage, and now have 6/62 hp.
As you read the scroll labelled ZOUXZA BEKKUY, it crumbles to dust.
It is a scroll of identify.
B - a scroll of noise The hound completely misses you.
The quokka bites you but does no damage.
An ufetubus comes into view.
You block the howler monkey's attack. You block the hound's attack.
The gnoll hits you but does no damage. The gnoll shaman barely misses you.
The quokka bites you but does no damage.
The howler monkey closely misses you. The hound barely misses you. 😱 HP[+1]
Okay, then.
It was a potion of curing.
You feel better.
The hound pauses to sniff the ground.
The hound bites you.
* * * LOW HITPOINT WARNING * * *
The quokka barely misses you. You block the gnoll's attack.
The gnoll shaman hits you with a +0 whip!
You die...

Skill      XL: |  1  2  3  4  5  6  7 |
---------------+----------------------+-----
Dodging        | 2 3 4 |  4.4
Long Blades    | 4 5 |  5.9
Throwing       | 1 2 3 |  3.6
Fighting       | |  3.0
Armour         | |  1.5

Action                   |  1- 3 |  4- 6 |  7- 9 || total
-------------------------+-------+-------+-------++-------
Melee: Falchion          |    73 |    91 |       ||   164
       Punch             |     1 |       |       ||     1
       Dagger            |       |   107 |    61 ||   168
Throw: Stone             |       |   109 |    14 ||   123
Invok: Berserk           |     2 |     1 |     3 ||     6
 Abil: Spit Poison       |    14 |     1 |       ||    15
  Use: Scroll            |       |       |     2 ||     2
       Potion            |       |       |     1 ||     1
Armor: Animal skin       |    25 |    21 |       ||    46
       Robe              |       |    24 |    27 ||    51
Dodge: Dodged            |    44 |    63 |    29 ||   136
Block: Kite shield       |       |    57 |    36 ||    93

Levels and vault maps discovered:
D:1:      erik_arrival_cave_to_civilisation [erik_arrival_cave_to_hall],
          layout_basic
D:2:      layout_basic, nicolae_ecumenical_snake_handling, minmay_tetromino_o4
D:3:      layout_basic, serial_shops, nicolae_diamond_shop, uniq_ijyb
D:4:      layout_gridville, minmay_temple_entry_sparse_star, uniq_sigmund,
          uniq_crazy_yiuf_cottage
D:5:      layout_cave_pools, serial_gnoll_camp, gnoll_camp_medium_01,
          gnoll_camp_mini_loothouse, gnoll_camp_medium_02, gnoll_camp_huts_moat,
          gnoll_camp_mini_basic

Notes
Turn   | Place    | Note
-------+----------+-------------------------------------------
     0 | D:1      | spaghetti the Naga Berserker began the quest for the Orb.
     0 | D:1      | Reached XP level 1. HP: 21/21 MP: 1/1
     0 | D:1      | magus.rc [v1.9.6]
   990 | D:2      | HP: 4/21 [adder (3)]
   994 | D:2      | Reached skill level 2 in Dodging
   994 | D:2      | Reached XP level 2. HP: 5/28 MP: 2/2
   995 | D:2      | HP: 5/42 [poisoned by an adder]
  1375 | D:2      | Found a faded altar of an unknown god.
  1385 | D:2      | Reached XP level 3. HP: 34/34 MP: 3/3
  1819 | D:2      | HP: 7/34 [hobgoblin/puff of flame (4)]
  2079 | D:2      | Reached skill level 4 in Long Blades
  2079 | D:2      | Reached XP level 4. HP: 42/42 MP: 4/4
  2835 | D:3      | HP: 9/42 [orc/+0 hand axe (3)]
  3122 | D:3      | Reached ** piety under Trog
  3247 | D:3      | Found Mearut's Antique Armour Boutique.
  3254 | D:3      | Reached skill level 1 in Throwing
  3438 | D:3      | Bought an embroidered robe for 96 gold pieces
  3499 | D:3      | Reached skill level 3 in Dodging
  3499 | D:3      | Reached XP level 5. HP: 43/49 MP: 5/5
  3762 | D:3      | Noticed Ijyb
  3792 | D:3      | Killed Ijyb
  4149 | D:4      | You add the spells Gell's Gravitas, Teleport Other and
                  | Dispersal to your library.
  4317 | D:4      | Reached skill level 2 in Throwing
  4317 | D:4      | Reached XP level 6. HP: 51/56 MP: 6/6
  4352 | D:4      | Found a staircase to the Ecumenical Temple.
  4398 | D:4      | Noticed Sigmund
  4414 | D:4      | Killed Sigmund
  4415 | D:4      | Reached skill level 5 in Long Blades
  4627 | D:4      | Reached XP level 7. HP: 55/62 MP: 7/7
  4973 | D:4      | Reached skill level 3 in Throwing
  4973 | D:4      | Reached skill level 4 in Dodging
  5236 | D:4      | You pick up a book of Spectacle {forbidden} and begin
                  | reading...
  5236 | D:4      | You add the spells Dazzling Flash, Iskenderun's Mystic
                  | Blast and Starburst to your library.
  5256 | D:4      | Found a runed translucent door.
  5257 | D:4      | Noticed Crazy Yiuf
  5487 | D:4      | Killed Crazy Yiuf
  5662 | D:5      | Entered Level 5 of the Dungeon
  5894 | D:5      | You add the spells Malign Gateway and Summon Horrible
                  | Things to your library.
  5924 | D:5      | HP: 23/93 [gnoll/+2 spear of freezing (2)]
  5932 | D:5      | HP: 21/93 [howler monkey (1)]
  5934 | D:5      | HP: 8/62 [hound (2)]
  5937 | D:5      | Slain by a gnoll shaman

Vanquished Creatures
  Sigmund (D:4)
  2 water moccasins
  A bullfrog (D:4)
  A scorpion (D:4)
  A hound (D:4)
  Crazy Yiuf (D:4)
  Ijyb (D:3)
  6 adders
  4 gnolls (D:5)
  A white imp (D:3)
  2 worms
  2 dart slugs
  5 orcs
  7 ball pythons
  4 endoplasms
  3 giant cockroaches
  3 goblins
  9 hobgoblins
  3 jackals (D:2)
  3 quokkas (D:4)
  3 bats
  A frilled lizard (D:3)
  9 kobolds
  3 rats
76 creatures vanquished.

Table legend:
 A = Non-vault XP
 B = Vault XP
 C = Vault XP percentage of total XP
 D = Non-vault monster count
 E = Vault monster count
 F = Vault count percentage of total count
                 A         B        C        D         E       F
            +---------+---------+-------+---------+---------+-------
      Total |     700 |     363 |  34.1 |      64 |      12 |  15.8
            +---------+---------+-------+---------+---------+-------
        D:1 |       7 |       0 |   0.0 |       5 |       0 |   0.0
        D:2 |      62 |      35 |  36.1 |      20 |       7 |  25.9
        D:3 |      75 |      36 |  32.4 |      19 |       1 |   5.0
        D:4 |     388 |     264 |  40.5 |      16 |       2 |  11.1
        D:5 |     168 |      28 |  14.3 |       4 |       2 |  33.3
            +---------+---------+-------+---------+---------+-------

Illustrated notes

Table legend:
 A = Kills in this place as a percentage of kills in entire the game.
 B = Kills by you in this place as a percentage of kills by you in the entire game.
 C = Kills by friends in this place as a percentage of kills by friends in the entire game.
 D = Other kills in this place as a percentage of other kills in the entire game.
 E = Experience gained in this place as a percentage of experience gained in the entire game.
 F = Experience gained in this place divided by the number of levels of this place that you have seen.
                   A       B       C       D       E      F
               +-------+-------+-------+-------+-------+----------------------
         Total | 100.0 | 100.0 |   N/A |   N/A | 100.0 | 212.6
       Dungeon | 100.0 | 100.0 |   N/A |   N/A | 100.0 | 212.6
               +-------+-------+-------+-------+-------+----------------------

Table legend: (Time is in decaauts)
 A = Elapsed time spent in this place.
 B = Non-inter-level travel time spent in this place.
 C = Inter-level travel time spent in this place.
 D = Time resting spent in this place.
 E = Time spent auto-exploring this place.
 F = Levels seen in this place.
 G = Mean time per level.
                   A        B        C        D        E       F      G
               +--------+--------+--------+--------+--------+-----+--------+
         Total |   7126 |   7006 |    120 |   1641 |   4583 |   5 | 1425.2 |
       Dungeon |   7126 |   7006 |    120 |   1641 |   4583 |   5 | 1425.2 |
               +--------+--------+--------+--------+--------+-----+--------+

Top non-repeatable levels by time:
     D:4: 2003 daAuts
     D:2: 1776 daAuts
     D:3: 1739 daAuts
     D:1: 1328 daAuts
     D:5: 279 daAuts
